 Dungeon Crawl Stone Soup version 0.29.1-15-g9cfb28693d (webtiles) character file.

Game seed: 13845153568407488605

451 zeram the Chopper (level 7, 0/61 HPs)
             Began as a Hill Orc Fighter on Mar 17, 2023.
             Slain by a gnoll
             ... wielding a +0 club
             ... led by a gnoll bouda
              (3 damage)
             ... on level 4 of the Dungeon.
             The game lasted 00:03:58 (2963 turns).

zeram the Chopper (Hill Orc Fighter)                Turns: 2963, Time: 00:03:58

Health: 0/61       AC:  7    Str: 19    XL:     7   Next: 4%
Magic:  7/7        EV:  9    Int:  8    God:
Gold:   234        SH:  4    Dex:  8    Spells: 6/6 levels left

rFire   . . .      SeeInvis .   a - +0 war axe
rCold   . . .      Faith    .   c - +0 buckler
rNeg    . . .      Spirit   .   b - +0 scale mail
rPois   .          Reflect  .   (no helmet)
rElec   .          Harm     .   (no cloak)
rCorr   .          Rampage  .   (no gloves)
Will    .....                   (no boots)
Stlth   ..........              (no amulet)
HPRegen 0.20/turn               (no ring)
MPRegen 0.10/turn               (no ring)

@: no status effects
A: clumsy 1, weak 1
a: no special abilities


You were on level 4 of the Dungeon.
You visited 1 branch of the dungeon, and saw 4 of its levels.

You collected 234 gold pieces.

Inventory:

Hand Weapons
 a - a +0 war axe (weapon)
Armour
 b - a +0 scale mail (worn)
 c - a +0 buckler (worn)
Scrolls
 e - 5 scrolls of identify
 f - 2 scrolls of teleportation
Potions
 d - a potion of mutation
 g - a potion of heal wounds
 h - a potion of might
 i - a potion of haste {unknown}


   Skills:
 + Level 5.1 Fighting
 + Level 6.5 Axes
 + Level 4.8 Armour
 + Level 1.0 Dodging
 + Level 4.3 Shields


You had 6 spell levels left.
You didn't know any spells.
Your spell library contained the following spells:

 Spells                   Type           Power      Damage    Failure   Level
 Magic Dart               Conj           0%         1d3       85%         1
 Searing Ray              Conj           0%         2d4       94%         2
 Fulminant Prism          Conj/Hex       0%         3d6       100%        4


Dungeon Overview and Level Annotations

Branches:
Dungeon (4/15)
 Temple: D:4-7

Altars:
Cheibriados


Innate Abilities, Weirdness & Mutations

You are clumsy. (Dex -2)
You are weak. (Str -2)


Message History

You closely miss the gnoll. x2; You block the gnoll's attack.
The gnoll hits you with a +0 club. The gnoll barely misses you.
The gnoll hits you from afar with a +0 spear.
Unknown command.
You barely miss the gnoll. You hit the gnoll.
The gnoll hits you with a +0 spear. The gnoll hits you with a +0 club.
You block the gnoll's attack.
The gnoll hits you from afar with a +0 spear.
The gnoll hits you with a +0 spear. The gnoll barely misses you.
You barely miss the gnoll.
The gnoll is lightly wounded.
You closely miss the gnoll. The gnoll hits you but does no damage.
The gnoll hits you from afar with a +0 spear.
The gnoll hits you with a +0 spear. You block the gnoll's attack.
The gnoll hits you but does no damage.
You are too injured to fight recklessly!
You are too injured to fight recklessly!
Unknown command.
You are too injured to fight recklessly!
You are too injured to fight recklessly!
Unknown command.
You hit the gnoll.
The gnoll is lightly wounded.
You slash the gnoll!
The gnoll hits you from afar with a +0 spear.
The gnoll hits you with a +0 spear. The gnoll closely misses you.
The gnoll hits you from afar with a +0 spear.
* * * LOW HITPOINT WARNING * * *
The gnoll hits you from afar with a +0 spear.
* * * LOW HITPOINT WARNING * * *
The gnoll is no longer moving quickly.
The gnoll hits you with a +0 spear.
* * * LOW HITPOINT WARNING * * *
The gnoll hits you from afar with a +0 spear!
* * * LOW HITPOINT WARNING * * *
The gnoll attacks as you move away! The gnoll hits you with a +0 spear.
* * * LOW HITPOINT WARNING * * *
The gnoll attacks as you move away! The gnoll closely misses you.
The gnoll is no longer moving quickly.
The gnoll hits you but does no damage. The gnoll attacks as you move away!
The gnoll hits you with a +0 club.
You die...

############
#......@g.g#
##.#######g...#
#....#
.........
#..#<#
#####.####
#..### ...
#.†).# ..#
#....# ..#
#....# ...
#(...#


You could see 3 gnolls.

Vanquished Creatures
  Sigmund (D:2)
  A gnoll bouda (D:4)
  Natasha (thrice) (D:2)
  4 gnolls
  4 adders
  6 worms
  4 dart slugs
  7 orcs
  3 bats
  4 endoplasms
  4 giant cockroaches
  6 goblins
  7 hobgoblins
  8 jackals (D:2)
  2 kobolds (D:1)
  2 quokkas
  2 ball pythons (D:1)
  2 frilled lizards
  6 rats
76 creatures vanquished.

Notes
Turn   | Place    | Note
-------+----------+-------------------------------------------
     0 | D:1      | zeram the Hill Orc Fighter began the quest for the Orb.
     0 | D:1      | Reached XP level 1. HP: 19/19 MP: 1/1
    78 | D:1      | Reached XP level 2. HP: 27/27 MP: 2/2
   230 | D:1      | Found a faded altar of an unknown god.
   483 | D:1      | Reached skill level 3 in Axes
   483 | D:1      | Reached XP level 3. HP: 30/33 MP: 3/3
   933 | D:2      | Noticed Sigmund
   941 | D:2      | Killed Sigmund
   942 | D:2      | Reached skill level 5 in Axes
   942 | D:2      | Reached XP level 4. HP: 40/41 MP: 4/4
   942 | D:2      | Reached XP level 5. HP: 45/47 MP: 5/5
   942 | D:2      | Reached XP level 6. HP: 51/53 MP: 6/6
  1035 | D:2      | Noticed Natasha
  1042 | D:2      | Killed Natasha
  1145 | D:2      | Noticed Natasha
  1156 | D:2      | Killed Natasha
  1325 | D:2      | Reached skill level 6 in Axes
  1329 | D:2      | Gained mutation: You are clumsy. (Dex -2) [potion of
                  | mutation]
  1329 | D:2      | Gained mutation: You are weak. (Str -2) [potion of
                  | mutation]
  1782 | D:2      | Noticed Natasha
  1794 | D:2      | Killed Natasha
  1795 | D:2      | Reached skill level 5 in Fighting
  2704 | D:3      | Found a snail-covered altar of Cheibriados.
  2955 | D:4      | Reached skill level 1 in Dodging
  2955 | D:4      | Reached XP level 7. HP: 52/61 MP: 7/7
  2960 | D:4      | HP: 3/61 [gnoll/+0 spear[a gnoll bouda] (7)]
  2963 | D:4      | Slain by a gnoll

Illustrated notes

Levels and vault maps discovered:
D:1:      lemuel_arrival_hallway, layout_basic,
          hellmonk_ecumenical_altar_run_dry
D:2:      layout_rooms, uniq_natasha, uniq_sigmund
D:3:      layout_basic, mainiacjoe_overflow_alcove_4
D:4:      layout_basic, lemuel_crystal_altar, kennysheep_decorative_pillar

Skill      XL: |  1  2  3  4  5  6 |
---------------+-------------------+-----
Fighting       | 4 5 |  5.1
Axes           | 3 5 6 |  6.5
Armour         | 4 |  4.8
Shields        | 4 |  4.3
Dodging        | 1 |  1.0

Action                   |  1- 3 |  4- 6 |  7- 9 || total
-------------------------+-------+-------+-------++-------
Melee: War axe           |    81 |   131 |     4 ||   216
  Use: Potion            |     1 |     1 |       ||     2
       Scroll            |       |     2 |       ||     2
Armor: Scale mail        |    43 |    53 |     3 ||    99
Dodge: Dodged            |    35 |    55 |     4 ||    94
Block: Buckler           |    22 |    30 |     4 ||    56
